 Dungeon Crawl Stone Soup version 0.30-a0-802-gb92711bcdf (webtiles) character file.

Game seed: 8294125113502266486

797 cforsyth the Covert (level 8, 0/49 HPs)
             Began as a Kobold Brigand on Feb 24, 2023.
             Slain by an ice beast (12 damage)
             ... on level 5 of the Dungeon.
             The game lasted 00:06:07 (3919 turns).

cforsyth the Covert (Kobold Brigand)                Turns: 3919, Time: 00:06:08

Health: 0/49       AC:  3    Str:  8    XL:     8   Next: 13%
Magic:  8/8        EV: 17    Int: 12    God:
Gold:   164        SH:  0    Dex: 19    Spells: 7/7 levels left

rFire   + . .      SeeInvis .    a - +2 dagger
rCold   . . .      Faith    .    (no shield)
rNeg    . . .      Spirit   .    b - +0 robe
rPois   .          Reflect  .    (no helmet)
rElec   .          Harm     .    c - +0 cloak
rCorr   .          Rampage  .    (no gloves)
Will    .....                    (no boots)
Stlth   +++++                    (no amulet)
HPRegen 0.28/turn                q - ring of flight
MPRegen 0.11/turn                s - ring of protection from fire

@: flying
A: small, no large weapons, nightstalker 3
a: no special abilities


You were on level 5 of the Dungeon.
You visited 1 branch of the dungeon, and saw 5 of its levels.

You collected 257 gold pieces.
You spent 93 gold pieces at shops.

Inventory:

Hand Weapons
 a - a +2 dagger (weapon)
Missiles
 d - 15 poisoned darts (quivered)
 e - 6 curare-tipped darts
 f - a throwing net
Armour
 b - a +0 robe (worn)
 c - a +0 cloak (worn)
Jewellery
 q - a ring of flight (left hand)
 s - a ring of protection from fire (right hand)
Wands
 y - a wand of paralysis (6)
 z - a wand of flame (11)
 B - a wand of light (10)
Scrolls
 g - a scroll of noise {unknown}
 k - 9 scrolls of identify {unknown}
 l - a scroll of fog
 n - a scroll of silence {unknown}
 p - 2 scrolls of amnesia {unknown}
 r - a scroll of summoning {unknown}
 u - a scroll of blinking {unknown}
 v - a scroll of brand weapon {unknown}
 w - 2 scrolls of enchant weapon {unknown}
Potions
 h - 2 potions of cancellation {unknown}
 i - 2 potions of heal wounds {unknown}
 j - a potion of curing
 m - 2 potions of might
 o - a potion of degeneration {unknown}
 t - a potion of haste {unknown}
 x - a potion of brilliance {unknown}
 A - 2 potions of mutation {unknown}


   Skills:
 + Level 5.0 Fighting
 + Level 6.1 Short Blades
 - Level 2.1 Throwing
 + Level 5.1 Dodging
 + Level 8.1 Stealth


You had 7 spell levels left.
You didn't know any spells.
Your spell library contained the following spells:

 Spells                   Type           Power      Damage    Failure   Level
 Cigotuvi's Dreadful Rot  Necr/Pois/Air  0%         N/A       45%         2
 Dispel Undead            Necr           0%         3d6       97%         4
 Death Channel            Necr           0%         N/A       100%        6


Dungeon Overview and Level Annotations

Branches:
Dungeon (5/15)             Temple (0/1) D:5

Altars:
Cheibriados
Uskayaw

Shops:
D:2 *   D:5 [

Annotations:
D:4 Grinder


Innate Abilities, Weirdness & Mutations

You are small and have problems with some larger weapons.
You are completely attuned to the shadows.


Message History

You closely miss the ice beast.
The ice beast is lightly wounded.
You hit the ice beast.
The ice beast is lightly wounded.
The ice beast barely misses you.
You barely miss the ice beast.
The ice beast is lightly wounded.
The ice beast closely misses you.
You completely miss the ice beast.
The ice beast is lightly wounded.
You hit the ice beast but do no damage.
The ice beast is lightly wounded.
The ice beast misses you.
You hit the ice beast but do no damage.
The ice beast is lightly wounded.
The ice beast closely misses you.
You hit the ice beast but do no damage.
The ice beast is lightly wounded.
You hit the ice beast.
The ice beast is lightly wounded.
The ice beast barely misses you.
You hit the ice beast but do no damage.
The ice beast is lightly wounded.
The ice beast hits you. The ice beast freezes you!
* * * LOW HITPOINT WARNING * * *
You are too injured to fight recklessly!
You are too injured to fight recklessly!
You are too injured to fight recklessly!
You are too injured to fight recklessly!
You are too injured to fight recklessly!
You are too injured to fight recklessly!
The ice beast attacks as you move away!
The ice beast hits you but does no damage.
The ice beast attacks as you move away! The ice beast misses you.
As you read the scroll labelled HEMUIDD HUFI, it crumbles to dust.
The scroll dissolves into smoke.
It was a scroll of fog.
The ice beast hits you.
* * * LOW HITPOINT WARNING * * *
The ice beast freezes you!
You die...

. #.......##...##.....
. #...................
#...........§##....#
####..........§§##§...#
..............§§@Y....#
...........##.§§##....#
...........##..§##....#
......................#
................[.....#
..##........^.......
####............##..
....oh...........###
......W....##....#


You could see an ice beast.

Vanquished Creatures
  Edmund (D:4)
  2 phantoms
  2 scorpions (D:5)
  A necrophage (D:5)
  2 hounds
  Ijyb (D:4)
  An iguana (D:5)
  Natasha (thrice) (D:4)
  6 gnolls
  4 adders
  7 dart slugs
  An orc (D:5)
  5 ball pythons
  4 bats
  9 endoplasms
  3 giant cockroaches
  6 goblins
  10 hobgoblins
  4 quokkas
  A frilled lizard (D:2)
  2 kobolds (D:3)
  4 rats
79 creatures vanquished.

Vanquished Creatures (others)
  6 fungi (D:2)
6 creatures vanquished.

Grand Total: 85 creatures vanquished

Notes
Turn   | Place    | Note
-------+----------+-------------------------------------------
     0 | D:1      | cforsyth the Kobold Brigand began the quest for the Orb.
     0 | D:1      | Reached XP level 1. HP: 12/12 MP: 1/1
   162 | D:1      | Reached XP level 2. HP: 18/18 MP: 2/2
   345 | D:1      | Reached XP level 3. HP: 22/22 MP: 3/3
  1252 | D:2      | Found Nihy's Assorted Antiques.
  1257 | D:2      | Bought a scroll labelled FAOGGIM EGIEGO for 24 gold pieces
  1257 | D:2      | Bought a scroll labelled PESKIWKEDEQ for 24 gold pieces
  1257 | D:2      | Bought a white potion for 21 gold pieces
  1257 | D:2      | Bought a scroll labelled USOEQO OTTEST for 24 gold pieces
  1283 | D:2      | Reached XP level 4. HP: 27/27 MP: 4/4
  1417 | D:3      | Reached skill level 6 in Stealth
  1459 | D:3      | Reached XP level 5. HP: 32/32 MP: 5/5
  1923 | D:4      | Noticed Grinder
  1931 | D:4      | Paralysed by Grinder for 3 turns
  2013 | D:4      | Noticed Ijyb
  2016 | D:4      | Killed Ijyb
  2041 | D:4      | Noticed a phantom
  2045 | D:4      | Killed a phantom
  2046 | D:4      | Reached XP level 6. HP: 38/38 MP: 6/6
  2076 | D:4      | Found a hide-covered altar of Uskayaw.
  2157 | D:4      | Noticed Natasha
  2167 | D:4      | Killed Natasha
  2218 | D:4      | Found a snail-covered altar of Cheibriados.
  2256 | D:4      | Noticed Natasha
  2276 | D:4      | Killed Natasha
  2277 | D:4      | Reached skill level 7 in Stealth
  2625 | D:4      | Noticed Edmund
  2627 | D:4      | Killed Edmund
  2628 | D:4      | Reached skill level 5 in Short Blades
  2628 | D:4      | Reached XP level 7. HP: 43/43 MP: 7/7
  2728 | D:4      | Noticed Natasha
  2738 | D:4      | Killed Natasha
  3011 | D:5      | Entered Level 5 of the Dungeon
  3250 | D:5      | Found Miosuseu's Armour Shop.
  3525 | D:5      | Found a staircase to the Ecumenical Temple.
  3615 | D:5      | Reached skill level 5 in Dodging
  3615 | D:5      | Reached skill level 8 in Stealth
  3615 | D:5      | Reached XP level 8. HP: 27/48 MP: 8/8
  3739 | D:5      | Reached skill level 5 in Fighting
  3919 | D:5      | Slain by an ice beast

Illustrated notes

Levels and vault maps discovered:
D:1:      beargit_arrival_greenhouse, layout_basic
D:2:      layout_loops_ring, serial_shops, shop, minmay_misc_feat_more_columns,
          dreamdust_mushroom_princess, minmay_small_reverse_x
D:3:      layout_rooms, amcnicky_mini_rare_corridor_liquid
D:4:      layout_basic, lemuel_doored_altar, kennysheep_slug_shrine, uniq_ijyb,
          uniq_edmund, uniq_grinder, uniq_natasha
D:5:      layout_gridville, hellmonk_okawaru_the_only_friend_you_need,
          minmay_temple_entry_water_ring, minmay_shop_grid_forest

Skill      XL: |  1  2  3  4  5  6  7  8 |
---------------+-------------------------+-----
Short Blades   | 3 4 5 6 |  6.1
Dodging        | 2 3 4 5 |  5.1
Stealth        | 6 7 8 |  8.1
Fighting       | 3 4 5 |  5.0
Throwing       | |  2.1

Action                     |  1- 3 |  4- 6 |  7- 9 || total
---------------------------+-------+-------+-------++-------
  Melee: Dagger            |    57 |    84 |   168 ||   309
         Punch             |       |     2 |     1 ||     3
    Use: Potion            |       |     1 |     4 ||     5
         Scroll            |       |     1 |     3 ||     4
   Stab: Sleeping          |    21 |    22 |     2 ||    45
         Distracted        |       |     2 |       ||     2
 Armour: Robe              |    10 |     6 |    15 ||    31
  Dodge: Dodged            |    27 |    40 |   115 ||   182

Table legend: (Time is in decaauts)
 A = Elapsed time spent in this place.
 B = Non-inter-level travel time spent in this place.
 C = Inter-level travel time spent in this place.
 D = Time resting spent in this place.
 E = Time spent auto-exploring this place.
 F = Levels seen in this place.
 G = Mean time per level.
                   A        B        C        D        E       F      G
               +--------+--------+--------+--------+--------+-----+--------+
         Total |   3851 |   3739 |    112 |    437 |   2700 |   5 |  770.2 |
       Dungeon |   3851 |   3739 |    112 |    437 |   2700 |   5 |  770.2 |
               +--------+--------+--------+--------+--------+-----+--------+

Top non-repeatable levels by time:
     D:4: 1112 daAuts
     D:5: 863 daAuts
     D:2: 709 daAuts
     D:1: 693 daAuts
     D:3: 473 daAuts
